 Dungeon Crawl Stone Soup version 0.31.0-32-g396128a36d (webtiles) character file.

Game seed: 11528831563072894180

125 spaghetti the Sneak (level 4, -1/24 HPs)
             Began as a Deep Elf Berserker on Mar 22, 2024.
             Was a Follower of Trog.
             Succumbed to a kobold brigand's poison
             ... in a sewer.
             The game lasted 00:02:05 (1426 turns).

spaghetti the Sneak (Deep Elf Berserker)            Turns: 1426, Time: 00:02:06

Health: -1/24      AC:  5    Str: 14    XL:     4   Next: 82%
Magic:  6/6        EV: 12    Int: 12    God:    Trog [*.....]
Gold:   129        SH:  0    Dex: 16    Spells: 3/3 levels left

rFire   . . .        a - +0 short sword
rCold   . . .        (no shield)
rNeg    . . .        b - +0 animal skin
rPois   .            (helmet restricted)
rElec   .            (no cloak)
rCorr   .            (no gloves)
SInv    .            f - +2 pair of boots
Will    .....        h - amulet of magic regeneration
Stlth   ++           (no ring)
HPRegen 0.24/turn    (no ring)
MPRegen 0.50/turn

%: no passive effects
@: lethally poisoned (-1 -> -9), about to teleport, on berserk cooldown, slowed,
very slow
A: beak, frail 1, screaming 1, subdued magic 1
a: Renounce Religion, Berserk


You were in a sewer.
You worshipped Trog.
Trog was aware of your devotion.
You visited 1 branch of the dungeon, and saw 3 of its levels.
You also visited: Sewer.

You collected 129 gold pieces.

Inventory:

Hand Weapons
 a - a +0 short sword (weapon)
Armour
 b - a +0 animal skin (worn)
 f - a +2 pair of boots (worn)
Jewellery
 h - an amulet of magic regeneration (around neck)
Scrolls
 g - 3 scrolls of teleportation
 j - a scroll of silence
Potions
 i - a potion of enlightenment
 k - a potion of attraction


   Skills:
 - Level 2.4 Fighting
 - Level 3.0 Short Blades
 - Level 1.5 Armour
 - Level 2.4 Dodging
 + Level 6.0 Stealth


You had 3 spell levels left.
You didn't know any spells.
Your spell library was empty.

Dungeon Overview and Level Annotations

Branches:
Dungeon (3/15)              Sewer (1/1)

Altars:


Innate Abilities, Weirdness & Mutations

You have a beak for a mouth.
You are frail. (-10% HP)
You occasionally shout uncontrollably at your foes.
Your spells are a little easier to cast, but a little less powerful.


Message History

The kobold brigand is lightly wounded.
The jackal misses you. The kobold hits you but does no damage.
The kobold brigand hits you but does no damage.
The kobold hits you with a +0 whip.
* * * LOW HITPOINT WARNING * * *
You enter the shallow water.
Moving in this stuff is going to be slow.
The jackal closely misses you.
You hit the jackal.
The jackal is severely wounded.
The jackal bites you.
* * * LOW HITPOINT WARNING * * *
Unknown command.
The jackal attacks as it pursues you! The jackal barely misses you.
You closely miss the jackal.
The jackal is severely wounded.
The jackal closely misses you.
You puncture the jackal!
You kill the jackal!
Trog accepts your kill.
You hit the kobold.
The kobold is moderately wounded.
You puncture the kobold!
You kill the kobold!
Trog accepts your kill.
You hear a splash.
You are too berserk!
You enter the shallow water.
Moving in this stuff is going to be slow.
You feel a strong urge to attack something.
You are no longer berserk.
You are exhausted.
You feel yourself slow down.
As you read the scroll of teleportation, it crumbles to dust.
You feel strangely unstable.
The kobold brigand throws a poisoned dart.
The poisoned dart hits you!
You are lethally poisoned!
Okay, then.
You die...

##.~....##
#.~≈~....##
#..~......#
#....)..#
####)####
#.~~.~..#
#..~~KK.#
#.~≈≈≈~~#
#.~≈≈≈~@#
#.~≈≈≈~~#
#~~~≈~~.#
#.~~≈~..#
##########~.~≈~..#
~~~~~~~~~~~~~≈~..#
##########~.~≈~~.#
##.~≈~~## #.~≈~.#


You could see a kobold brigand and a kobold.

Vanquished Creatures
  A kobold brigand (Sewer)
  An adder (D:2)
  A river rat (Sewer)
  A dart slug (D:1)
  2 ball pythons
  3 endoplasms
  5 giant cockroaches
  2 goblins
  2 hobgoblins (D:1)
  A jackal (Sewer)
  4 kobolds
  A quokka (D:1)
  2 bats
  A frilled lizard (D:1)
  8 rats
35 creatures vanquished.

Notes
Turn   | Place    | Note
-------+----------+-------------------------------------------
     0 | D:1      | spaghetti the Deep Elf Berserker began the quest for the
                  | Orb.
     0 | D:1      | Reached XP level 1. HP: 13/13 MP: 3/3
   110 | D:1      | Reached skill level 1 in Stealth
   356 | D:1      | Reached skill level 2 in Stealth
   363 | D:1      | Reached XP level 2. HP: 15/18 MP: 4/4
   904 | D:2      | Reached skill level 3 in Stealth
   935 | D:2      | Found a faded altar of an unknown god.
   937 | D:2      | Reached XP level 3. HP: 22/22 MP: 5/5
  1221 | D:3      | Gained mutation: You have a beak for a mouth. [potion of
                  | mutation]
  1221 | D:3      | Gained mutation: Armour fits poorly on your strangely
                  | shaped body. [potion of mutation]
  1221 | D:3      | Gained mutation: You have large cloven feet. [potion of
                  | mutation]
  1223 | D:3      | Lost mutation: You have large cloven feet. [potion of
                  | mutation]
  1223 | D:3      | Lost mutation: Armour fits poorly on your strangely shaped
                  | body. [potion of mutation]
  1223 | D:3      | Gained mutation: You occasionally shout uncontrollably at
                  | your foes. [potion of mutation]
  1223 | D:3      | Gained mutation: Your spells are a little easier to cast,
                  | but a little less powerful. [potion of mutation]
  1223 | D:3      | Gained mutation: You are frail. (-10% HP) [potion of
                  | mutation]
  1237 | D:3      | Reached skill level 4 in Stealth
  1263 | D:3      | Found a glowing drain.
  1292 | Sewer    | Entered a sewer
  1395 | Sewer    | Noticed a kobold brigand
  1399 | Sewer    | Noticed a kobold brigand
  1413 | Sewer    | Killed a kobold brigand
  1414 | Sewer    | Reached skill level 6 in Stealth
  1414 | Sewer    | Reached XP level 4. HP: 8/24 MP: 6/6
  1426 | Sewer    | Succumbed to a kobold brigand's poison

Illustrated notes

Levels and vault maps discovered:
D:1:      ncdulo_smallfort, layout_loops_ring, amcnicky_mini_pool_small
D:2:      layout_rooms, ebering_ecumenical_altar_box, minmay_door_square
D:3:      layout_rooms, general_overflow_altar, gup_sewer_entry_glass
Sewer:    sewer_kobolds

Skill      XL: |  1  2  3 |
---------------+----------+-----
Stealth        | 2 3 6 |  6.0
Fighting       | |  2.4
Short Blades   | |  3.0
Armour         | |  1.5
Dodging        | |  2.4

Action                     |  1- 3 |  4- 6 || total
---------------------------+-------+-------++-------
  Melee: Short sword       |   142 |     7 ||   149
         Peck              |     7 |       ||     7
         Punch             |     1 |       ||     1
 Invoke: Berserk           |     4 |       ||     4
    Use: Scroll            |     6 |     1 ||     7
         Potion            |     6 |       ||     6
   Stab: Sleeping          |     7 |       ||     7
 Armour: Animal skin       |    68 |     4 ||    72
         Skin              |     5 |       ||     5
  Dodge: Dodged            |    67 |     5 ||    72
